 Dungeon Crawl Stone Soup version 0.19.3-1-g3169bf9 (webtiles) character file.

133 Angani the Stinger (level 5, -1/31 HPs)
             Began as an Octopode Venom Mage on Jan 26, 2017.
             Slain by Natasha (6 damage)
             ... on level 2 of the Dungeon.
             The game lasted 00:03:44 (1802 turns).

Angani the Stinger (Octopode Venom Mage)            Turns: 1802, Time: 00:03:44

Health: -1/31      AC:  1    Str:  7    XL:     5   Next: 16%
Magic:  3/8        EV: 13    Int: 19    God:
Gold:   73         SH:  0    Dex: 15    Spells: 2 memorised, 4 levels left

rFire  x . .     SeeInvis .     (no weapon)
rCold  + . .     Gourm    .     (no shield)
rNeg   . . .     Faith    .     (helmet restricted)
rPois  .         Spirit   .     (no amulet)
rElec  .         Reflect  .     c - ring of ice
rCorr  .         Harm     .     g - +3 ring of dexterity
MR     .....                    (no ring)
Stlth  +++.......               (no ring)
                                (no ring)
                                (no ring)
                                (no ring)
                                (no ring)

@: no status effects
A: almost no armour, stealthy swim, amphibious, 8 rings, constrict 8, camouflage
1, gelatinous body 1
a: no special abilities


You were on level 2 of the Dungeon.
You were not hungry.

You visited 1 branch of the dungeon, and saw 2 of its levels.

You collected 73 gold pieces.

Inventory:

Jewellery
 c - a ring of ice (left tentacle)
 g - a +3 ring of dexterity (right tentacle)
Scrolls
 e - a scroll of enchant armour {unknown}
 i - a scroll of magic mapping {unknown}
 j - 2 scrolls of remove curse {unknown}
 k - a scroll of noise {unknown}
 l - a scroll of enchant weapon {unknown}
 q - a scroll of identify {unknown}
Potions
 d - a potion of magic {unknown}
 f - a potion of curing {unknown}
 h - a potion of ambrosia {unknown}
 m - 2 potions of might {unknown}
 o - 2 potions of heal wounds {unknown}
 r - a potion of degeneration {unknown}
Books
 a - a Young Poisoner's Handbook

   Spells                             Type                      Level
   a - Sting                          Conjuration/Poison           1
   b - Mephitic Cloud                 Conjuration/Poison/Air       3
   c - Olgreb's Toxic Radiance        Poison                       4
   d - Alistair's Intoxication        Transmutation/Poison         5
   e - Venom Bolt                     Conjuration/Poison           5
Comestibles
 b - 2 bread rations
 n - a slice of pizza
 p - 2 royal jellies


   Skills:
 - Level 0.2 Fighting
 - Level 2.0 Dodging
 - Level 2.6 Stealth
 - Level 2.0 Spellcasting
 + Level 7.5 Poison Magic


You had 4 spell levels left.
You knew the following spells:

 Your Spells              Type           Power        Failure   Level  Hunger
a - Sting                 Conj/Pois      ###.         4%          1    #......
b - Mephitic Cloud        Conj/Pois/Air  ##......     17%         3    ###....


Dungeon Overview and Level Annotations

Branches:
Dungeon (2/15)

Altars:
Okawaru

Annotations:
D:2 Natasha


Innate Abilities, Weirdness & Mutations

You cannot wear most types of armour.
You are very stealthy in the water. (Stealth+)
You are amphibious.
You can wear up to eight rings at the same time.
You can use your tentacles to constrict eight enemies at once.
Your skin changes colour to match your surroundings (Stealth+).
Your rubbery body absorbs attacks. (AC +1, EV +1)


Message History

Aim: Natasha (moderately wounded)
The sting hits Natasha.
Natasha is poisoned.
Natasha is severely wounded.
Natasha claws you! The crimson imp completely misses you.
You tentacle-slap Natasha but do no damage.
Your grab misses Natasha.
Natasha is severely wounded.
Natasha claws you. The crimson imp closely misses you.
You miss Natasha. You grab Natasha. You squeeze Natasha, but do no damage.
Natasha is severely wounded.
You constrict Natasha, but do no damage.
Natasha claws you!
* * * LOW HITPOINT WARNING * * *
The crimson imp closely misses you.
Unknown command.
You tentacle-slap Natasha.
Natasha is almost dead.
You constrict Natasha, but do no damage.
Natasha claws you.
You die...

.........##.#..##.##..#.#.#.# #(#
.......####<#..##.##......#.# #..
##.##..####.#..##.##..#.#.#.###.#
#.##.............##......†......
#.##..####.#..#..##..#.#.#.###.#
#.##.....)(.....................
#####.......(..).##....#.#.###..
######.#..5........#.#.#.... #
######.#(.h@.)..............
>......)#(....#...####......
........#(...)#...####.#.#.. ##
........#(.(................ .
..................#.##.#....
##.########.##.....)...#.##.###..
... ..................<...... ..
######.##...!.#...#.##.## ..
#.............#......... ..


You could see Natasha and a crimson imp.

Vanquished Creatures
  Terence (D:2)
  Jessica (D:2)
  Natasha (D:2)
  3 adders (D:2)
  A dart slug (D:1)
  2 bats
  3 giant cockroaches
  3 goblins
  2 hobgoblins (D:2)
  3 frilled lizards
  4 kobolds
  7 rats
31 creatures vanquished.

Notes
Turn   | Place    | Note
-------+----------+-------------------------------------------
     0 | D:1      | Angani the Octopode Venom Mage began the quest for the Orb.
     0 | D:1      | Reached XP level 1. HP: 11/11 MP: 3/3
   108 | D:1      | Reached skill level 5 in Poison Magic
   248 | D:1      | Found an iron altar of Okawaru.
   286 | D:1      | Reached XP level 2. HP: 17/17 MP: 5/5
   997 | D:2      | Reached skill level 6 in Poison Magic
   997 | D:2      | Reached XP level 3. HP: 16/21 MP: 1/6
  1275 | D:2      | Noticed Jessica
  1276 | D:2      | Noticed Terence
  1281 | D:2      | Killed Jessica
  1281 | D:2      | Reached XP level 4. HP: 23/27 MP: 1/7
  1367 | D:2      | Killed Terence
  1367 | D:2      | Reached skill level 7 in Poison Magic
  1456 | D:2      | Learned a level 3 spell: Mephitic Cloud
  1522 | D:2      | Noticed Natasha
  1530 | D:2      | Killed Natasha
  1530 | D:2      | Reached XP level 5. HP: 21/31 MP: 1/8
  1773 | D:2      | Noticed Natasha
  1802 | D:2      | Slain by Natasha

Skill      XL: |  1  2  3  4 |
---------------+-------------+-----
Poison Magic   | 5 6 7 |  7.5
Fighting       | |  0.2
Dodging        | |  2.0
Stealth        | |  2.6
Spellcasting   | |  2.0

Action                   |  1- 3 |  4- 6 || total
-------------------------+-------+-------++-------
Melee: Unarmed           |    43 |    29 ||    72
       Constrict         |    14 |     7 ||    21
       Tentacles         |     9 |     6 ||    15
 Cast: Sting             |    21 |    20 ||    41
 Stab: Sleeping          |     6 |       ||     6
  Eat: Chunk             |     1 |     2 ||     3
Armor: Skin              |     4 |     1 ||     5
Dodge: Dodged            |    24 |    23 ||    47
